 Dungeon Crawl Stone Soup version 0.15.0-33-gdde9071 (webtiles) character file.

51767 oshikia the Black Belt (level 14, -10/129 HPs)
             Began as a White Draconian Monk on Sept 14, 2014.
             Was the Champion of Dithmenos.
             Mangled by a death yak (27 damage)
             ... on Level 8 of the Lair of Beasts on Sept 15, 2014.
             The game lasted 01:00:57 (19411 turns).

oshikia the Black Belt (White Draconian Monk)      Turns: 19411, Time: 01:00:57

HP -10/129       AC 12     Str 16      XL: 14   Next: 24%
MP  14/14        EV 18     Int 12      God: Dithmenos [******]
Gold 1358        SH  0     Dex 18      Spells:  1 memorised,  7 levels left

rFire  . . .     SeeInvis .       - Unarmed
rCold  + . .     Clarity  .     (armour unavailable)
rNeg   . . .     rCorr    .     (no shield)
rPois  +         rRot     .     (helmet restricted)
rElec  .         Spirit   .     (no cloak)
SustAb .         Warding  .     j - +2 pair of gloves {Str+3}
rMut   .         Stasis   .     L - +0 pair of boots
Gourm  .                        (no amulet)
MR     +....                    y - ring of poison resistance
                                q - ring of regeneration

@: wreathed by umbra, somewhat resistant to hostile enchantments, extremely
stealthy
A: breathe frost, unfitting armour, cold resistance 1, cold-blooded, AC +8
a: Breathe Frost, Shadow Step, Shadow Form, Renounce Religion


You were on level 8 of the Lair of Beasts.
You worshipped Dithmenos.
Dithmenos was exalted by your worship.
You were not hungry.

You visited 3 branches of the dungeon, and saw 20 of its levels.
You also visited: Sewer and Ossuary.

You collected 1358 gold pieces.

Inventory:

Armour
 j - a +2 pair of gloves of strength (worn)
 n - a +1 shield of protection
 L - a +0 pair of boots (worn)
Magical devices
 o - a wand of lightning (6)
 G - a wand of confusion (17) {unknown}
 K - a wand of invisibility (1)
 N - a wand of draining (6)
 O - a wand of disintegration (3)
 P - a wand of heal wounds (4)
 Q - a wand of disintegration (18)
 S - a wand of magic darts (13)
 Z - a wand of enslavement (13) {unknown}
Comestibles
 a - 7 royal jellies
 b - 9 bread rations
 g - 9 meat rations
 C - 9 beef jerkies
 F - 41 fruits
Scrolls
 c - 4 scrolls of enchant armour
 d - 7 scrolls of remove curse
 e - 2 scrolls of identify
 h - 2 scrolls of magic mapping
 i - 11 scrolls of teleportation
 v - 2 scrolls of fear
 w - 4 scrolls of amnesia
 x - 5 scrolls of fog
 z - 3 scrolls of blinking
 H - a scroll of recharging
 Y - 2 scrolls of enchant weapon
Jewellery
 p - an uncursed ring of see invisible
 q - a ring of regeneration (left hand)
 y - a ring of poison resistance (right hand)
 E - an uncursed ring of ice
 J - an uncursed ring of protection from fire
 M - an uncursed ring of sustain abilities
 R - an uncursed ring of protection from fire
 U - an uncursed amulet of faith
 V - an uncursed ring of teleport control
Potions
 l - 3 potions of restore abilities
 r - 4 potions of magic
 s - 7 potions of curing
 t - a potion of resistance
 u - 4 potions of brilliance
 A - 2 potions of might
 B - a potion of berserk rage
 D - a potion of flight
 I - a potion of porridge
 T - a potion of heal wounds
 X - a potion of lignification
Books
 m - a book of Wizardry

   Spells                             Type                      Level
   Agony                              Necromancy                   5
   Force Lance                        Conjuration                  5
   Dispersal                          Translocation                6
   *Haste                             Charms                       6
   Invisibility                       Hexes                        6
   Spellforged Servitor               Conjuration/Summoning        7


   Skills:
 + Level 13.4 Fighting
 + Level 7.9 Dodging
 - Level 10.3 Stealth
 * Level 17.4 Unarmed Combat


You had 7 spell levels left.
You knew the following spells:

 Your Spells              Type           Power        Failure   Level  Hunger
a - Haste                 Chrm           #.......     100%        6    #######


Dungeon Overview and Level Annotations

Branches:
Dungeon (11/15)            Temple (1/1) D:6             Orc (0/4) D:9
   Lair (8/8) D:11         Shoals (0/5) Lair:4       Spider (0/5) Lair:3
  Slime (0/6) Lair:8

Altars:
Ashenzari
Dithmenos
Elyvilon
Fedhas
Kikubaaqudgha
Makhleb
Nemelex Xobeh
Okawaru
Qazlal
Trog
Vehumet
Xom
Yredelemnul
Zin
The Shining One

Shops:
D:4 %   D:8 }


Innate Abilities, Weirdness & Mutations

You can breathe waves of freezing cold.
You can buffet flying creatures when you breathe cold.
Your icy white scales are hard (AC +8).
Your body does not fit into most forms of armour.
Your flesh is cold resistant.
Your cold-blooded metabolism reacts poorly to cold.


Message History

The death yak gores you.
You barely miss the death yak. You tail-slap the death yak.
The death yak is lightly wounded.
You punch the death yak!
Your tail-slap misses the death yak.
The death yak is moderately wounded.
The death yak gores you!
You barely miss the death yak.
The death yak is moderately wounded.
The death yak gores you!
You hit the death yak but do no damage. You tail-slap the death yak.
The death yak is heavily wounded.
You hit the death yak. You tail-slap the death yak.
The death yak is heavily wounded.
The death yak gores you!!
* * * LOW HITPOINT WARNING * * *
You are too injured to fight recklessly!
You pummel the death yak!!
The death yak is almost dead.
The death yak gores you!!
You die...

...........P.#..#
...............##
.#..####.......P## #####
##.....P.P#### ### ### #
#♣.....P....## ##.#####..
# ♣...........###.#..PP...
#.........(###..P.PPP...
#...........##..........
#......@...PP..#........
#♣.....%%Y...............
#.......%................
#♣..............!.........
♣.........................
♣.........................
#....P.##.##.....%........
#.....###..P...........#..
##....##..................


You could see a death yak.

Vanquished Creatures
  5 hydras
  The ghost of gw the Basher, an experienced DDGl of Makhleb (D:11)
  7 death yaks
  2 catoblepae
  Pikel (D:9)
  2 oklob plants
  A slime creature (Lair:8)
  2 cyclopes (D:11)
  9 elephants
  3 black mambas
  Psyche (D:10)
  5 komodo dragons
  16 spiny frogs
  5 fire drakes
  3 trolls
  2 polar bears (Lair:7)
  The ghost of athros the Pure, an average DsAK of Lugonu (D:4)
  A steam dragon (D:9)
  A trapdoor spider zombie (D:5)
  17 blink frogs
  A griffon skeleton (D:11)
  2 deep elf magi (D:11)
  52 yaks
  2 hungry ghosts
  A hill giant skeleton (D:8)
  7 hippogriffs
  A soldier ant (D:11)
  32 wolves
  11 porcupines
  19 water moccasins
  5 orc warriors
  3 ice beasts
  5 sky beasts
  A slave (D:9)
  2 boring beetles (D:10)
  2 phantoms
  2 black bears
  4 ogres
  14 centaurs
  Duvessa (D:7)
  11 crocodiles
  A big kobold (D:9)
  16 giant frogs
  A gnoll sergeant (D:11)
  5 scorpions
  4 electric eels
  A crimson imp (D:7)
  2 centaur zombies
  Dowan (D:7)
  5 jellies
  A gnoll shaman (D:9)
  11 iguanas
  5 orc priests
  5 goliath beetles
  A kobold skeleton (D:9)
  4 worker ants
  10 hounds
  7 orc wizards
  20 sheep
  A big kobold zombie (Ossuary)
  An ogre zombie (D:10)
  A hound skeleton (D:6)
  10 mummies
  2 orc zombies
  17 gnolls
  60 green rats
  21 adders
  2 shadow imps
  3 giant mites
  2 inept feature mimics
  3 worms
  7 giant geckos
  An ooze (D:2)
  41 orcs
  A gnoll zombie (Ossuary)
  9 goblins
  14 hobgoblins
  5 jackals
  15 ball pythons
  13 bats
  9 giant cockroaches
  10 giant newts
  A giant spore (D:10)
  5 hobgoblin zombies
  16 kobolds
  3 kobold zombies
  An orc skeleton (D:8)
  15 quokkas
  27 rats
  A ballistomycete (D:10)
  A bush (Lair:5)
  4 plants
685 creatures vanquished.

Vanquished Creatures (others)
  A slave (D:9)
  A crimson imp (D:10)
  An adder (Lair:8)
  A worm (D:2)
  An orc (D:10)
  A bat (D:10)
  A giant spore (D:10)
  A kobold (D:2)
  A quokka (D:2)
  9 fungi (Lair:6)
  2 plants
20 creatures vanquished.

Grand Total: 705 creatures vanquished

Notes
Turn   | Place    | Note
--------------------------------------------------------------
     0 | D:1      | oshikia, the Draconian Monk, began the quest for the Orb.
     0 | D:1      | Reached XP level 1. HP: 19/19 MP: 1/1
   380 | D:1      | Reached XP level 2. HP: 23/26 MP: 2/2
   624 | D:1      | Found a shimmering altar of Xom.
   830 | D:2      | Reached skill level 5 in Unarmed Combat
   844 | D:2      | Reached XP level 3. HP: 27/31 MP: 3/3
  1503 | D:3      | Found a bloodstained altar of Trog.
  1625 | D:3      | Reached XP level 4. HP: 38/38 MP: 4/4
  1963 | D:4      | Noticed an ogre
  1974 | D:4      | Killed an ogre
  1974 | D:4      | Reached skill level 6 in Unarmed Combat
  1974 | D:4      | Reached XP level 5. HP: 27/46 MP: 5/5
  2345 | D:4      | Noticed athros' ghost (average DsAK)
  2367 | D:4      | Killed athros' ghost
  2367 | D:4      | Reached skill level 5 in Fighting
  2367 | D:4      | Reached skill level 7 in Unarmed Combat
  2367 | D:4      | Reached XP level 6. HP: 35/56 MP: 6/6
  2435 | D:4      | Found Fiosaag's Food Emporium.
  2658 | D:5      | Entered Level 5 of the Dungeon
  2666 | D:5      | Your scales start taking on an icy white colour.
  2666 | D:5      | Gained mutation: Your flesh is cold resistant. [draconian maturity]
  2666 | D:5      | Reached XP level 7. HP: 34/61 MP: 7/7
  2701 | D:5      | Reached skill level 8 in Unarmed Combat
  2928 | D:5      | Found a white marble altar of Elyvilon.
  2970 | D:5      | Noticed a trapdoor spider zombie
  2985 | D:5      | Killed a trapdoor spider zombie
  3065 | D:5      | Reached skill level 9 in Unarmed Combat
  3065 | D:5      | Reached XP level 8. HP: 65/70 MP: 8/8
  3415 | D:6      | Found a sand-covered staircase.
  3424 | Ossuary  | Entered an ossuary
  3700 | Ossuary  | Gained mutation: You have a pair of small horns on your head. [potion of beneficial mutation]
  3759 | D:6      | Found a stormy altar of Qazlal.
  3823 | D:6      | Found a glowing drain.
  3839 | Sewer    | Entered a sewer
  4234 | Sewer    | Identified a scroll of acquirement
  4251 | Sewer    | Reached skill level 10 in Unarmed Combat
  4529 | D:6      | Found a staircase to the Ecumenical Temple.
  4540 | Temple   | Entered the Ecumenical Temple
  4553 | Temple   | Became a worshipper of Dithmenos the Shadowed
  4553 | Temple   | Acquired Dithmenos' first power
  4719 | D:6      | Found a shattered altar of Ashenzari.
  5119 | D:6      | Reached XP level 9. HP: 56/80 MP: 9/9
  5378 | D:7      | Reached skill level 11 in Unarmed Combat
  5545 | D:7      | Noticed Duvessa
  5546 | D:7      | Noticed Dowan
  5861 | D:7      | Killed Duvessa
  5875 | D:7      | Killed Dowan
  5953 | D:7      | Found an iron altar of Okawaru.
  5953 | D:7      | Found a shimmering altar of Xom.
  6140 | D:7      | Gained mutation: Potions and wands are less effective at restoring your health. [potion of mutation]
  6140 | D:7      | Gained mutation: Your body is misshapen. [potion of mutation]
  6140 | D:7      | Gained mutation: Your magical capacity is low (-10% MP). [potion of mutation]
  6200 | D:8      | Found Viraire's Gadget Boutique.
  6742 | D:8      | Found a radiant altar of Vehumet.
  7054 | D:9      | Acquired Dithmenos' second power
  7055 | D:9      | Reached skill level 12 in Unarmed Combat
  7127 | D:9      | Reached XP level 10. HP: 61/90 MP: 9/9
  7424 | D:9      | Found a staircase to the Orcish Mines.
  7605 | D:9      | Noticed Pikel
  7628 | D:9      | Killed Pikel
  7628 | D:9      | Reached skill level 5 in Stealth
  8408 | D:9      | Reached skill level 13 in Unarmed Combat
  8503 | D:10     | Entered Level 10 of the Dungeon
  8566 | D:10     | Noticed Psyche
  8579 | D:10     | Paralysed by Psyche for 7 turns
  8587 | D:10     | Killed Psyche
  8713 | D:10     | Acquired Dithmenos' third power
  8756 | D:10     | Reached skill level 10 in Fighting
  9055 | D:11     | Noticed gw's ghost (experienced DDGl)
  9066 | D:11     | Noticed a cyclops
  9070 | D:11     | Killed gw's ghost
  9070 | D:11     | Reached XP level 11. HP: 82/100 MP: 9/9
  9090 | D:11     | Killed a cyclops
  9240 | D:11     | Found a staircase to the Lair.
  9380 | D:11     | Learned a level 6 spell: Haste
  9619 | D:11     | Reached skill level 14 in Unarmed Combat
  9845 | D:11     | Noticed a cyclops
 10076 | D:11     | Killed a cyclops
 10222 | D:11     | Acquired Dithmenos' fourth power
 10325 | Lair:1   | Entered Level 1 of the Lair of Beasts
 11594 | Lair:2   | Reached XP level 12. HP: 89/110 MP: 10/10
 12626 | Lair:3   | Found a hole to the Spider Nest.
 12674 | Lair:3   | Noticed a four-headed hydra
 12682 | Lair:3   | Noticed a four-headed hydra
 12688 | Lair:3   | Killed a four-headed hydra
 12695 | Lair:3   | Killed a four-headed hydra
 12751 | Lair:3   | Gained mutation: You can spit poison. [potion of beneficial mutation]
 12752 | Lair:3   | Lost mutation: Your body is misshapen. [potion of cure mutation]
 12752 | Lair:3   | Lost mutation: You can spit poison. [potion of cure mutation]
 12752 | Lair:3   | Lost mutation: Your magical capacity is low (-10% MP). [potion of cure mutation]
 12752 | Lair:3   | Lost mutation: You have a pair of small horns on your head. [potion of cure mutation]
 12752 | Lair:3   | Lost mutation: Potions and wands are less effective at restoring your health. [potion of cure mutation]
 12782 | Lair:3   | Reached skill level 15 in Unarmed Combat
 13604 | Lair:4   | Found a staircase to the Shoals.
 13980 | Lair:4   | Reached skill level 5 in Dodging
 15115 | Lair:5   | Reached skill level 10 in Stealth
 15453 | Lair:5   | Reached XP level 13. HP: 74/118 MP: 13/13
 15924 | Lair:6   | Reached skill level 16 in Unarmed Combat
 17956 | Lair:8   | Entered Level 8 of the Lair of Beasts
 17998 | Lair:8   | Found a staircase to the Slime Pits.
 18294 | Lair:8   | Reached skill level 17 in Unarmed Combat
 18314 | Lair:8   | Reached XP level 14. HP: 76/129 MP: 14/14
 19411 | Lair:8   | Mangled by a death yak

Action                   |  1- 3 |  4- 6 |  7- 9 | 10-12 | 13-15 || total
-------------------------+-------+-------+-------+-------+-------++-------
Melee: Unarmed           |   137 |   113 |   585 |   975 |   628 ||  2438
       Spear             |       |       |    17 |       |       ||    17
 Abil: Breathe Frost     |       |       |     2 |     1 |     4 ||     7
Evoke: Wand              |       |     3 |     2 |     9 |    13 ||    27
  Use: Scroll            |     6 |       |    18 |     6 |    11 ||    41
       Potion            |       |     1 |    12 |     9 |     3 ||    25
 Stab: Sleeping          |     5 |     2 |     5 |    38 |    18 ||    68
       Distracted        |     1 |       |     1 |     4 |       ||     6
  Eat: Chunk             |     2 |     4 |    14 |    27 |    18 ||    65
       Fruit             |       |       |     8 |     1 |       ||     9
       Pizza             |       |       |       |       |     2 ||     2
